Map: Orbital Shipyard

Players

BakedGoods

  • Race: Terran Terran
  • League: Platinum

LilDicky

  • Race: Zerg Zerg
  • League: Diamond

VOD

http://www.twitch.tv/tumescentpie

Description

Time

  • Played on: Dec. 11, 2015, 5:02 p.m.
  • Length: 5:01
Show
View Real Time Build Order
Export as new Build Order

BakedGoods Terran 

Build Orders:  

Get SALT Encoding   

  12  0:01  SCV  
  13  0:13  SCV  
  14  0:18  Supply Depot  
  14  0:26  SCV  
  15  0:40  SCV  
  15  0:41  Barracks  
  16  0:46  Refinery  
  16  0:52  SCV  
  17  1:04  SCV  
  18  1:16  SCV  
  19  1:28  Orbital Command  
  19  1:40  Command Center  
  19  1:45  Barracks Reactor  
  19  1:56  SCV  
  19  1:58  Barracks Reactor  
  19  2:00  Supply Depot  
  20  2:06  Bunker  
  20  2:09  Refinery  
  20  2:13  SCV  
  21  2:25  SCV  
  22  2:32  Factory  
  22  2:34  Marine  
  22  2:35  Marine  
  24  2:38  SCV  
  25  2:44  Supply Depot  
  25  2:50  SCV  
  26  2:52  Marine x2  
  28  3:00  Orbital Command  
  28  3:20  Barracks Tech Lab  
  28  3:22  Hellion x2, Starport  
  28  3:23  SCV  
  28  3:26  SCV  
  34  3:30  Supply Depot  
  34  3:35  SCV  
  34  3:38  SCV  
  36  3:44  Hellion  
  36  3:46  Hellion  
  40  3:49  Barracks Tech Lab  
  40  3:50  SCV  
  40  3:51  SCV  
  42  3:56  Starport  
  42  4:03  Starport  
  42  4:05  Hellion  
  42  4:09  Hellion  
  46  4:11  SCV  
  46  4:13  SCV  
  48  4:40  Barracks Tech Lab  
Show
View Real Time Build Order
Export as new Build Order

LilDicky Zerg 

Build Orders: Hatch First 

Get SALT Encoding   

  12  0:03  Drone  
  13  0:16  Drone  
  14  0:29  Extractor  
  14  0:30  Drone x2, Extractor  
  16  0:47  Hatchery  
  15  0:50  Overlord  
  15  1:11  Spawning Pool  
  14  1:26  Drone  
  14  1:27  Drone x2, Extractor  
  16  1:41  Drone  
  17  1:53  Drone  
  18  2:02  Queen x2  
  22  2:10  Extractor  
  22  2:15  Drone x4  
  25  2:38  Drone x2, Roach Warren  
  25  2:39  Drone x2  
  28  3:02  Overlord  
  28  3:05  Overlord  
  28  3:25  Lair  
  28  3:27  Roach x7  
  42  3:35  Overlord  
  42  3:58  Roach x5  
  42  4:00  Overlord  
  52  4:24  Roach x4  
  54  4:26  Overlord  
  60  4:52  Ravager  
  61  4:53  Ravager  
  61  4:54  Ravager  
Tags
 
Add a new tag
Caveats
  • Supply blocks, unpowered buildings, or Contaminate may cause inaccurate times.
  • Supply counts are checked every 10 seconds.